 Dungeon Crawl Stone Soup version 0.31.0-12-g77e489cdc1 (webtiles) character file.

Game seed: 3834805001399890408

28 sking99 the Caller (level 3, 0/28 HPs)
             Began as a Hill Orc Summoner on Feb 26, 2024.
             Slain by a goblin
             ... wielding a +0 club
             ... led by Robin
              (2 damage)
             ... on level 2 of the Dungeon.
             The game lasted 00:02:24 (742 turns).

sking99 the Caller (Hill Orc Summoner)               Turns: 742, Time: 00:02:24

Health: 0/28       AC:  2    Str: 12    XL:     3   Next: 14%
Magic:  1/5        EV: 12    Int: 15    God:
Gold:   27         SH:  0    Dex: 11    Spells: 2/5 levels left

rFire   . . .        d - +0 hand axe
rCold   . . .        (no shield)
rNeg    . . .        a - +0 robe
rPois   .            (no helmet)
rElec   .            (no cloak)
rCorr   .            (no gloves)
SInv    .            (no boots)
Will    .....        (no amulet)
Stlth   ++           (no ring)
HPRegen 0.24/turn    (no ring)
MPRegen 0.09/turn

%: no passive effects
@: no status effects
A: no striking features
a: no special abilities


You were on level 2 of the Dungeon.
You visited 1 branch of the dungeon, and saw 2 of its levels.

You collected 27 gold pieces.

Inventory:

Hand Weapons
 d - a +0 hand axe (weapon)
Armour
 a - a +0 robe (worn)
Scrolls
 c - a scroll of vulnerability {unknown}
 e - a scroll of enchant weapon {unknown}
Potions
 b - a potion of magic


   Skills:
 + Level 1.3 Fighting
 - Level 1.5 Dodging
 - Level 1.5 Stealth
 + Level 1.9 Spellcasting
 * Level 4.5 Summonings


You had 2 spell levels left.
You knew the following spells:

 Your Spells              Type           Power      Damage    Failure   Level
a - Summon Small Mammal   Summ           60%        N/A       3%          1
b - Call Imp              Summ           30%        N/A       5%          2

Your spell library contained the following spells:

 Spells                   Type           Power      Damage    Failure   Level
 Call Canine Familiar     Summ           15%        N/A       11%         3
 Summon Blazeheart Golem  Fire/Summ      8%         N/A       65%         4
 Summon Lightning Spire   Summ/Air       8%         N/A       65%         4


Dungeon Overview and Level Annotations

Branches:
Dungeon (1/15)

Altars:

Annotations:
D:2 Robin


Message History

Your quokka bites Robin.
Robin zaps a wand.
The puff of flame misses your quokka.
Your cerulean imp hits Robin but does no damage.
You see here a +0 dagger.
You hit the hobgoblin.
You kill the hobgoblin!
Your quokka completely misses Robin.
Robin zaps a wand.
The puff of flame hits your quokka.
Your quokka dies!
Your quokka's corpse disappears in a puff of smoke!
Your cerulean imp completely misses Robin.
Robin shouts!
You barely miss the goblin.
You hear a shout! x3
The goblin closely misses you. Robin throws the goblin at you!
A goblin comes into view. It is wielding a +0 club.
Your cerulean imp closely misses Robin.
The goblin barely misses you. The hobgoblin barely misses you.
Robin says, "Bow before me, strongest of all the hobgoblins!"
Robin zaps a wand.
The puff of flame hits you!
You hit the goblin.
You kill the goblin!
You barely miss the hobgoblin.
Your cerulean imp hits Robin from afar with a -3 spear.
The hobgoblin hits you.
Robin zaps a wand.
The puff of flame hits you!
* * * LOW HITPOINT WARNING * * *
Your cerulean imp hits Robin but does no damage.
You barely miss the hobgoblin. You punch the hobgoblin.
The hobgoblin is heavily wounded.
The hobgoblin hits you but does no damage.
Robin throws the goblin at you!
* * * LOW HITPOINT WARNING * * *
The goblin hits you with a +0 club.
* * * LOW HITPOINT WARNING * * *
Your cerulean imp hits Robin but does no damage.
The hobgoblin barely misses your cerulean imp.
Robin roars a battlecry!
The hobgoblin goes into a battle-frenzy!
The goblin hits you with a +0 club.
You die...

############
#####.....)g...#
......).gg5@..##
.####.#########
.. ..g #.g #. #


You could see Robin (ally target), a hobgoblin (strong), a goblin (strong) and a
friendly cerulean imp (summoned).

Vanquished Creatures
  A dart slug (D:1)
  2 bats (D:1)
  2 endoplasms (D:1)
  2 goblins (D:2)
  2 hobgoblins
  2 jackals (D:1)
11 creatures vanquished.

Vanquished Creatures (collateral kills)
  3 goblins (D:2)
  A hobgoblin (D:1)
  A jackal (D:1)
  3 kobolds (D:1)
  A bat (D:1)
  4 rats (D:1)
13 creatures vanquished.

Grand Total: 24 creatures vanquished

Notes
Turn   | Place    | Note
-------+----------+-------------------------------------------
     0 | D:1      | sking99 the Hill Orc Summoner began the quest for the Orb.
     0 | D:1      | Reached XP level 1. HP: 14/14 MP: 3/3
   417 | D:1      | Reached XP level 2. HP: 18/22 MP: 2/4
   465 | D:1      | Reached skill level 1 in Fighting
   466 | D:1      | HP: 1/23 [jackal (3)]
   694 | D:1      | You fall into a shaft and drop 1 floor!
   699 | D:2      | Learned a level 2 spell: Call Imp
   721 | D:2      | Reached XP level 3. HP: 28/28 MP: 1/5
   728 | D:2      | Noticed Robin
   742 | D:2      | Slain by a goblin

Illustrated notes

Levels and vault maps discovered:
D:1:      onia_arrival_mini_maze, layout_loops_cross
D:2:      minmay_recursive_quarters, layout_rooms,
          hellmonk_ecumenical_altar_arch_garden, uniq_jessica, uniq_robin

Skill      XL: |  1  2 |
---------------+-------+-----
Fighting       | 1 |  1.3
Dodging        | |  1.5
Stealth        | |  1.5
Spellcasting   | |  1.9
Summonings     | |  4.5

Action                     || total
---------------------------++-------
  Melee: Hand axe          ||    44
         Punch             ||     1
   Cast: Summon Small Mamm ||    25
         Call Imp          ||     2
 Armour: Robe              ||    48
  Dodge: Dodged            ||    49
